 Dungeon Crawl Stone Soup version 0.23-a0-38-g6d804a8 (webtiles) character file.

20915 Amnesiac the Geomancer (level 12, -12/74 HPs)
             Began as a Mummy Earth Elementalist on Aug 5, 2018.
             Was a High Priest of Vehumet.
             Mangled by a six-headed hydra (13 damage)
             ... on level 2 of the Lair of Beasts.
             The game lasted 00:30:22 (16985 turns).

Amnesiac the Geomancer (Mummy Earth Elementalist)  Turns: 16985, Time: 00:30:23

Health: -12/74     AC:  7    Str: 12    XL:     12   Next: 49%
Magic:  15/30      EV:  8    Int: 19    God:    Vehumet [*****.]
Gold:   412        SH:  9    Dex: 17    Spells: 24/39 levels left

rFire    + . .     SeeInvis .   b - staff of wizardry
rCold    + + .     Gourm    .   c - +2 shield
rNeg     + + +     Faith    .   C - +2 ring mail {rF+}
rPois    ∞         Spirit   .   q - -2 hat of the Alchemist {rElec rPois rF+ rC+ rN+ MR+ rMut rCorr}
rElec    +         Reflect  .   e - +0 cloak
rCorr    +         Harm     +   l - +0 pair of gloves
rMut     +                      (no boots)
MR       ++...                  j - amulet of harm
Stlth    +.........             A - +5 ring of dexterity
HPRegen  0.22/turn              h - ring of wizardry
MPRegen  0.22/turn

@: no status effects
A: no food or potions, fire vulnerability, cold resistance 1, negative energy
resistance 3, torment resistance, unbreathing
a: Renounce Religion


You were on level 2 of the Lair of Beasts.
You worshipped Vehumet.
Vehumet was extremely pleased with you.
You were not hungry.

You visited 4 branches of the dungeon, and saw 16 of its levels.

You collected 1017 gold pieces.
You spent 605 gold pieces at shops.

Inventory:

Hand Weapons
 a - a +3 hunting sling
Missiles
 f - 247 stones (quivered)
 x - 77 sling bullets
Armour
 c - a +2 shield (worn)
 e - a +0 cloak (worn)
 l - a +0 pair of gloves (worn)
 q - the -2 hat of the Alchemist (worn) {rElec rPois rF+ rC+ rN+ MR+ rMut rCorr}
   (You found it on level 6 of the Dungeon)

   It protects you from fire.
   It protects you from cold.
   It insulates you from electricity.
   It protects you from poison.
   It protects you from negative energy.
   It affects your resistance to hostile enchantments.
   It provides partial protection from all sources of acid and corrosion.
   It protects you from mutation.
 C - a +2 ring mail of fire resistance (worn)
Magical Staves
 b - an uncursed staff of wizardry (weapon)
Jewellery
 h - a ring of wizardry (right hand)
 j - an amulet of harm (around neck)
 m - an uncursed ring of protection from fire
 A - a +5 ring of dexterity (left hand)
Wands
 d - a wand of flame (41)
 y - a wand of polymorph (15)
 z - a wand of random effects (28)
Scrolls
 g - 2 scrolls of remove curse {!r}
 i - 3 scrolls of identify {!r}
 k - a scroll of enchant weapon {!r}
 n - a scroll of amnesia {!r, unknown}
 o - 2 scrolls of fog {!r}
 p - a scroll of blinking {!r}
 r - a scroll of magic mapping {!r}
 s - 3 scrolls of teleportation {!r}
 v - 2 scrolls of enchant armour {!r}


   Skills:
 - Level 1.5 Dodging
 - Level 1.5 Stealth
 + Level 14.1 Spellcasting
 - Level 0.7 Transmutations
 * Level 14.1 Earth Magic


You had 24 spell levels left.
You knew the following spells:

 Your Spells              Type           Power        Failure   Level  Hunger
a - Sandblast             Erth           ######       1%          1    N/A
b - Passwall              Tmut/Erth      #####...     1%          2    N/A
c - Stone Arrow           Conj/Erth      #####.       1%          3    N/A
d - Lee's Rapid Deconstr  Erth           ######....   1%          5    N/A
e - Petrify               Tmut/Erth      #####...     11%         4    N/A

Your spell library contained the following spells:

 Spells                   Type           Power        Failure   Level  Hunger
 Confuse                  Hex            ##......     50%         3    N/A
 Mephitic Cloud           Conj/Pois/Air  ##......     24%         3    N/A
 Venom Bolt               Conj/Pois      ##........   85%         5    N/A
 Olgreb's Toxic Radiance  Pois           ##......     54%         4    N/A
 Sting                    Conj/Pois      ##..         9%          1    N/A
 Tukima's Dance           Hex            ##......     50%         3    N/A
 Spider Form              Tmut/Pois      ##........   45%         3    N/A
 Blade Hands              Tmut           ###.......   97%         5    N/A
 Ice Form                 Ice/Tmut       ##......     82%         4    N/A
 Sticks to Snakes         Tmut           ###.....     22%         2    N/A
 Ensorcelled Hibernation  Hex/Ice        ##....       28%         2    N/A
 Corona                   Hex            ##.....      21%         1    N/A
 Beastly Appendage        Tmut           ###...       16%         1    N/A
 Dazzling Spray           Conj/Hex       ##....       24%         3    N/A
 Poisonous Vapours        Pois/Air       ##....       28%         2    N/A

Dungeon Overview and Level Annotations

Branches:
Dungeon (11/15)            Temple (1/1) D:7            Lair (2/6) D:10
    Orc (2/2) D:11            Elf (0/3) Orc:2
  Swamp: Lair:2-4    Shoals: Lair:2-4     Snake: Lair:2-4    Spider: Lair:2-4

Altars:
Ashenzari
Cheibriados
Dithmenos
Elyvilon
Fedhas
Gozag
Hepliaklqana
Kikubaaqudgha
Makhleb
Nemelex Xobeh
Okawaru
Qazlal
Ru
Sif Muna
Trog
Uskayaw
Vehumet
Wu Jian
Xom
Yredelemnul
Zin
The Shining One
Beogh

Shops:
D:6 (=


Innate Abilities, Weirdness & Mutations

You do not eat or drink.
Your flesh is vulnerable to fire.
You are immune to poison.
Your flesh is cold resistant. (rC+)
You are immune to negative energy. (rN+++)
You are immune to unholy pain and torment.
You can survive without breathing.


Message History

You climb downwards.
Found 3 poisoned needles.
There is a stone staircase leading up here.
A six-headed hydra comes into view.
The six-headed hydra roars!
A six-headed hydra is nearby!
A six-headed hydra is nearby!
Casting: Sandblast (safe; 1% risk of failure)
Confirm with . or Enter, or press ? or * to list all spells.
Aiming: Lee's Rapid Deconstruction (safe; 1% risk of failure)
Press: ? - help, Dir - move target cursor A rock wall.
Okay, then.
Okay, then.
Search for what [Enter for "ego&&body", or ? for help]? blink
Okay, then.
The six-headed hydra bites you but does no damage.
The six-headed hydra barely misses you. The six-headed hydra bites you!
The six-headed hydra bites you but does no damage. x2
The six-headed hydra bites you.
Casting: Lee's Rapid Deconstruction (safe; 1% risk of failure)
Confirm with . or Enter, or press ? or * to list all spells.
Aiming: Lee's Rapid Deconstruction (safe; 1% risk of failure)
Press: ? - help, Dir - move target cursor A rock wall.
The wall shatters!
The blast of rock fragments hits the six-headed hydra.
The six-headed hydra is heavily wounded.
The six-headed hydra bites you but does no damage.
You block the six-headed hydra's attack.
The six-headed hydra closely misses you.
You block the six-headed hydra's attack.
The six-headed hydra bites you. x2
Unknown command.
Casting: Lee's Rapid Deconstruction (safe; 1% risk of failure)
Confirm with . or Enter, or press ? or * to list all spells.
Aiming: Lee's Rapid Deconstruction (safe; 1% risk of failure)
Press: ? - help, Dir - move target cursor A rock wall.
The wall shatters!
The blast of rock fragments hits the six-headed hydra.
The six-headed hydra is heavily wounded.
The six-headed hydra bites you! The six-headed hydra bites you.
The six-headed hydra barely misses you. The six-headed hydra bites you!
* * * LOW HITPOINT WARNING * * *
The six-headed hydra bites you!
* * * LOW HITPOINT WARNING * * *
The six-headed hydra bites you!
* * * LOW HITPOINT WARNING * * *
Unknown command.
Casting: Lee's Rapid Deconstruction (safe; 1% risk of failure)
Confirm with . or Enter, or press ? or * to list all spells.
Aiming: Lee's Rapid Deconstruction (safe; 1% risk of failure)
Press: ? - help, Dir - move target cursor A rock wall.
The wall shatters!
The blast of rock fragments hits the six-headed hydra.
The six-headed hydra is severely wounded.
The six-headed hydra closely misses you.
The six-headed hydra barely misses you.
The six-headed hydra bites you but does no damage.
You block the six-headed hydra's attack.
The six-headed hydra bites you!
You die...

#. #### #.###.#
....## #..#..P##
###....#
#.....P.###.....##
#........#.......###
...P....#........#.#
..#.......(<......#
..........@......##
........###D#...P#
#.......# ##.....#
####....#####...##
#.#...........# #
####.P#..####
#######


You could see a six-headed hydra.

Vanquished Creatures
  Fannar (D:11)
  Harold (D:10)
  3 hydras
  Erica (Orc:1)
  An unseen horror (D:10)
  An ugly thing (D:11)
  2 cyclopes (D:11)
  Psyche (D:10)
  2 black mambas (Lair:1)
  A centaur skeleton (D:10)
  A komodo dragon (Lair:1)
  3 trolls
  A hornet (D:9)
  3 hippogriffs
  3 blink frogs (Lair:1)
  2 dream sheep (D:10)
  15 yaks
  A hungry ghost (D:8)
  Menkaure (D:7)
  8 wargs
  3 water moccasins
  2 porcupines (Lair:1)
  14 orc warriors
  A sky beast (D:6)
  3 black bears
  3 ice beasts
  5 ogres
  3 wolves (Lair:1)
  8 centaurs
  2 phantoms
  5 crocodiles (Lair:1)
  5 big kobolds
  7 bullfrogs
  A wyvern skeleton (D:11)
  4 scorpions
  5 wights (D:8)
  4 howler monkeys
  2 centaur zombies
  6 crimson imps
  A quasit (D:6)
  A bullfrog zombie (D:9)
  17 orc wizards
  Crazy Yiuf (D:3)
  12 orc priests
  A gnoll shaman (D:5)
  5 hounds
  A bullfrog skeleton (D:4)
  3 iguanas
  10 worker ants
  4 hound skeletons
  2 worker ant zombies
  Robin (D:3)
  11 gnolls
  A howler monkey skeleton (D:5)
  14 adders
  3 shadow imps
  2 adder zombies (D:9)
  2 adder skeletons
  5 worms
  2 dart slugs (D:1)
  2 leopard geckos
  73 orcs
  9 giant cockroaches
  9 hobgoblins
  9 jackals
  11 kobolds
  A ball python (D:5)
  6 bats
  3 frilled lizards
  17 goblins
  2 jackal zombies
  2 leopard gecko skeletons
  7 rats
385 creatures vanquished.

Vanquished Creatures (others)
  A fungus (Lair:1)
  A plant (D:10)
2 creatures vanquished.

Grand Total: 387 creatures vanquished

Notes
Turn   | Place    | Note
-------+----------+-------------------------------------------
     0 | D:1      | Amnesiac the Mummy Earth Elementalist began the quest for the Orb.
     0 | D:1      | Reached XP level 1. HP: 13/13 MP: 4/4
   200 | D:3      | Noticed Robin
   246 | D:2      | Reached XP level 2. HP: 4/19 MP: 1/5
   634 | D:2      | Learned a level 2 spell: Passwall
   797 | D:3      | Reached XP level 3. HP: 22/24 MP: 2/7
   813 | D:3      | Killed Robin
  1001 | D:3      | Reached XP level 4. HP: 30/30 MP: 9/9
  1009 | D:3      | Learned a level 3 spell: Stone Arrow
  1014 | D:3      | Learned a level 4 spell: Petrify
  1072 | D:3      | Found a faded altar of an unknown god.
  1102 | D:4      | Noticed a phantom
  1111 | D:4      | Killed a phantom
  1111 | D:4      | Reached XP level 5. HP: 33/35 MP: 0/11
  1561 | D:4      | Found a glowing golden altar of the Shining One.
  1737 | D:4      | Reached XP level 6. HP: 39/41 MP: 1/13
  1882 | D:4      | Found a deep blue altar of Sif Muna.
  1950 | D:4      | Reached skill level 5 in Earth Magic
  2006 | D:4      | Reached skill level 5 in Spellcasting
  2366 | D:5      | Entered Level 5 of the Dungeon
  2525 | D:5      | Reached XP level 7. HP: 42/46 MP: 11/15
  2536 | D:5      | Found a white marble altar of Elyvilon.
  2781 | D:5      | Found a shadowy altar of Dithmenos.
  3507 | D:6      | Found an ancient bone altar of Kikubaaqudgha.
  3671 | D:6      | Reached XP level 8. HP: 52/52 MP: 8/18
  3725 | D:6      | Found the -2 hat of the Alchemist {rElec rPois rF+ rC+ rN+ MR+ rMut rCorr}
  4053 | D:6      | Found a bloodstained altar of Trog.
  4323 | D:6      | Found Kogaal's Jewellery Shoppe.
  4366 | D:6      | Found Xouprerr's Antique Weapon Boutique.
  4655 | D:6      | Learned a level 5 spell: Lee's Rapid Deconstruction
  4951 | D:7      | Noticed Menkaure
  4954 | D:7      | Killed Menkaure
  4954 | D:7      | Reached XP level 9. HP: 50/57 MP: 5/21
  5407 | D:7      | Found an opulent altar of Gozag.
  5493 | D:7      | Found a staircase to the Ecumenical Temple.
  5504 | Temple   | Entered the Ecumenical Temple
  5688 | Temple   | Became a worshipper of Vehumet
  5720 | D:7      | Found a stormy altar of Qazlal.
  6735 | D:2      | Reached * piety under Vehumet
  6735 | D:2      | Offered knowledge of Magic Dart by Vehumet.
  6987 | D:3      | Found a glowing silver altar of Zin.
  7045 | D:3      | Found a shimmering altar of Xom.
  7193 | D:3      | You fall through a shaft!
  7300 | D:3      | Offered knowledge of Flame Tongue by Vehumet.
  7302 | D:3      | Reached ** piety under Vehumet
  7321 | D:3      | Found a white marble altar of Elyvilon.
  7380 | D:3      | Found a runed door.
  7449 | D:3      | Noticed Crazy Yiuf
  7454 | D:3      | Killed Crazy Yiuf
  8523 | D:8      | Reached skill level 10 in Spellcasting
  8523 | D:8      | Reached skill level 10 in Earth Magic
  9239 | D:9      | Reached XP level 10. HP: 63/63 MP: 22/24
  9409 | D:9      | Offered knowledge of Throw Frost by Vehumet.
  9564 | D:9      | Reached *** piety under Vehumet
  9924 | D:10     | Entered Level 10 of the Dungeon
 10095 | D:10     | Killed an unseen horror
 10347 | D:10     | Noticed Harold
 10364 | D:10     | Killed Harold
 10587 | D:10     | Noticed Psyche
 10591 | D:10     | Killed Psyche
 10773 | D:10     | Found a staircase to the Lair.
 10857 | D:10     | Offered knowledge of Inner Flame by Vehumet.
 10939 | D:10     | Noticed a three-headed hydra
 10941 | D:10     | Reached XP level 11. HP: 68/68 MP: 12/26
 10943 | D:10     | Killed a three-headed hydra
 11266 | D:11     | Noticed a brown ugly thing
 11275 | D:11     | Killed a brown ugly thing
 11319 | D:11     | HP: 3/68 [shadow imp (2)]
 11350 | D:11     | Noticed a five-headed hydra
 11356 | D:11     | HP: 1/68 [centaur/arrow (9)]
 11791 | D:11     | Killed a five-headed hydra
 11890 | D:11     | Found a staircase to the Orcish Mines.
 11895 | D:11     | Found a roughly hewn altar of Beogh.
 11898 | D:11     | Reached **** piety under Vehumet
 11901 | D:11     | Offered knowledge of Conjure Flame by Vehumet.
 12417 | Orc:1    | Entered Level 1 of the Orcish Mines
 12417 | Orc:1    | Noticed Fannar
 12424 | Orc:1    | Noticed Erica
 12434 | D:11     | Killed Fannar
 12959 | Orc:1    | Killed Erica
 13192 | Orc:2    | Entered Level 2 of the Orcish Mines
 14118 | Orc:2    | Noticed an orc knight
 14216 | Orc:2    | Noticed an orc knight
 14389 | Orc:2    | Reached XP level 12. HP: 74/74 MP: 7/29
 14392 | Orc:2    | Reached ***** piety under Vehumet
 14525 | Orc:2    | Offered knowledge of Airstrike by Vehumet.
 14526 | Orc:2    | Found a staircase to the Elven Halls.
 15680 | Lair:1   | Entered Level 1 of the Lair of Beasts
 15832 | D:6      | Bought an uncursed amulet of harm for 330 gold pieces
 15833 | D:6      | Bought an uncursed ring of protection from fire for 275 gold pieces
 15995 | Lair:1   | Noticed an eight-headed hydra
 16011 | Lair:1   | Killed an eight-headed hydra
 16923 | Lair:2   | Noticed a six-headed hydra
 16984 | Lair:2   | HP: 1/74 [six-headed hydra (13)]
 16985 | Lair:2   | Mangled by a six-headed hydra

Vault maps used:
D:1:      dpeg_arrival_arbitrary_a, minivault_24
D:3:      old_standard_altar, overflow_temple_1_default, led_xom_imps,
          first_ration, chequers_ecumenical_altar_simple_redux, uniq_robin,
          uniq_crazy_yiuf_cottage
D:4:      tso_altar, kennysheep_mini
D:5:      lemuel_coloured_pillars_altar, elyvilon_altar_5
D:6:      nicolae_overflow_crystal_walls, kennysheep_mini_moat, serial_shops,
          shop, nicolae_shop_trees
D:7:      grunt_gozag_breadcrumbs, temple_green, serial_curves, eino_curves_02,
          eino_curves_02, basic_altar, minmay_a_box_with_orc_wizards_in_it,
          uniq_menkaure
D:10:     lair_entry_dummy, hangedman_ranch, uniq_harold, uniq_psyche
D:11:     minmay_orc_entry_temple_small
Temple:   nicolae_temple_figure_eight
Lair:2:   guppyfry_snake_entry_garden, minmay_holes,
          grunt_forest_large_clearings, lemuel_fruit_fields,
          infiniplex_staircase_pool_2
Orc:1:    uniq_fannar, uniq_erica
Orc:2:    st_orc_town

Skill      XL: |  1  2  3  4  5  6  7  8  9 10 11 12 |
---------------+-------------------------------------+-----
Earth Magic    | 3 4 5 6 8 10 11 13 14 | 14.1
Spellcasting   | 3 4 5 6 8 10 11 13 14 | 14.1
Dodging        | |  1.5
Stealth        | |  1.5
Transmutations | |  0.7

Action                   |  1- 3 |  4- 6 |  7- 9 | 10-12 || total
-------------------------+-------+-------+-------+-------++-------
Melee: Unarmed           |     8 |       |       |       ||     8
       Short sword       |    12 |       |       |       ||    12
       Spear             |     1 |       |       |       ||     1
       Staff             |       |       |     4 |    12 ||    16
 Fire: Hunting sling     |    54 |   113 |   234 |       ||   401
 Cast: Sandblast         |    19 |    14 |    15 |    93 ||   141
       Stone Arrow       |       |    14 |   145 |    93 ||   252
       Lee's Rapid Decon |       |       |    27 |   145 ||   172
       Passwall          |       |       |     2 |     7 ||     9
       Petrify           |       |       |       |    11 ||    11
Evoke: Wand              |       |       |       |    11 ||    11
  Use: Scroll            |     2 |     2 |     6 |    12 ||    22
Armor: Robe              |    11 |       |       |       ||    11
       Animal skin       |     4 |    18 |    35 |     1 ||    58
       Ring mail         |       |       |       |    42 ||    42
Dodge: Dodged            |    44 |    43 |   119 |    67 ||   273
Block: Shield            |       |       |       |    67 ||    67

Table legend:
 A = Spawn XP
 B = Non-spawn XP
 C = Spawn XP percentage of total XP
 D = Spawn monster count
 E = Non-spawn monster count
 F = Spawn count percentage of total count
 G = Total turns spent on level
                    A         B        C        D         E        F      G
               +---------+---------+-------+---------+---------+-------+---------
         Total |       0 |   29879 |   0.0 |       0 |     385 |   0.0 | 16985
               +---------+---------+-------+---------+---------+-------+---------
           D:1 |       0 |      30 |   0.0 |       0 |      16 |   0.0 |   653
           D:2 |       0 |      94 |   0.0 |       0 |      25 |   0.0 |  1185
           D:3 |       0 |     380 |   0.0 |       0 |      52 |   0.0 |   920
           D:4 |       0 |     422 |   0.0 |       0 |      21 |   0.0 |  1297
           D:5 |       0 |     768 |   0.0 |       0 |      31 |   0.0 |  1161
           D:6 |       0 |    1286 |   0.0 |       0 |      25 |   0.0 |  1530
           D:7 |       0 |     959 |   0.0 |       0 |      14 |   0.0 |  1042
           D:8 |       0 |    1241 |   0.0 |       0 |      18 |   0.0 |  1204
           D:9 |       0 |    1738 |   0.0 |       0 |      29 |   0.0 |   954
          D:10 |       0 |    5034 |   0.0 |       0 |      16 |   0.0 |  1438
          D:11 |       0 |    5200 |   0.0 |       0 |      44 |   0.0 |  1446
        Lair:1 |       0 |    7206 |   0.0 |       0 |      32 |   0.0 |  1000
         Orc:1 |       0 |    2749 |   0.0 |       0 |      22 |   0.0 |  2529
         Orc:2 |       0 |    2772 |   0.0 |       0 |      40 |   0.0 |   363
               +---------+---------+-------+---------+---------+-------+---------
